 Dungeon Crawl Stone Soup version 0.30.1 (webtiles) character file.

Game seed: 12457100505925610867

752 Arctor the Shield-Bearer (level 7, -6/63 HPs)
             Began as a Minotaur Fighter on July 13, 2023.
             Was a Follower of Trog.
             Killed from afar by Maggie (22 damage)
             ... with a bolt of fire
             ... on level 6 of the Dungeon.
             The game lasted 00:03:40 (4071 turns).

Arctor the Shield-Bearer (Minotaur Fighter)         Turns: 4071, Time: 00:03:40

Health: -6/63      AC:  8    Str: 22    XL:     7   Next: 49%
Magic:  6/6        EV:  9    Int:  7    God:    Trog [*.....]
Gold:   248        SH:  5    Dex: 10    Spells: 6/6 levels left

rFire   . . .        q - +6 whip of Perversion {heavy, Fragile Will+ Int+2}
rCold   . . .        c - +0 buckler
rNeg    . . .        b - +0 scale mail
rPois   .            (helmet restricted)
rElec   .            (no cloak)
rCorr   .            y - +0 pair of gloves
SInv    +            (no boots)
Will    +....        w - amulet of faith Stlth
                     m - ring of see invisible
HPRegen 0.30/turn    (no ring)
MPRegen 0.10/turn

%: faith
@: no status effects
A: horns 2, retaliatory headbutt
a: Renounce Religion, Berserk


You were on level 6 of the Dungeon.
You worshipped Trog.
Trog was aware of your devotion.
You visited 2 branches of the dungeon, and saw 7 of its levels.

You collected 248 gold pieces.

Inventory:

Hand Weapons
 a - a +0 war axe
 q - the +6 whip of Perversion (weapon) {heavy, Fragile Will+ Int+2}
   (You took it off a kobold on level 2 of the Dungeon)

   Int:       It affects your intelligence (+2).
   Fragile:   It will be destroyed if unequipped.
   Will:      It increases your willpower.
 C - a +3 hand axe
Missiles
 i - 6 boomerangs (quivered)
 B - 2 throwing nets
Armour
 b - a +0 scale mail (worn)
 c - a +0 buckler (worn)
 y - a +0 pair of gloves (worn)
Jewellery
 m - a ring of see invisible (left hand)
 w - an amulet of faith (around neck)
Wands
 A - a wand of paralysis (11)
Scrolls
 h - 4 scrolls of identify {unknown}
 j - a scroll of fog {unknown}
 l - 2 scrolls of amnesia {unknown}
 p - 3 scrolls of poison {unknown}
 t - 2 scrolls of vulnerability {unknown}
 u - 2 scrolls of enchant armour {unknown}
 v - 2 scrolls of noise {unknown}
 z - 2 scrolls of teleportation {unknown}
Potions
 d - 2 potions of might
 e - 2 potions of resistance
 f - 3 potions of attraction {unknown}
 g - 2 potions of flight {unknown}
 k - a potion of lignification {unknown}
 n - a potion of magic {unknown}
 o - 3 potions of heal wounds {unknown}
 r - 2 potions of degeneration {unknown}
 s - 3 potions of curing {unknown}
 x - 2 potions of haste {unknown}


   Skills:
 + Level 6.1 Fighting
 + Level 5.4 Axes
 + Level 6.2 Armour
 + Level 6.2 Shields


You had 6 spell levels left.
You didn't know any spells.
Your spell library contained the following spells:

 Spells                   Type           Power      Damage    Failure   Level
 Freeze                   Ice            0%         1d3       80%         1
 Necrotise                Necr           0%         1d4       80%         1
 Dazzling Flash           Conj/Hex       0%         N/A       99%         3
 Frozen Ramparts          Ice            0%         1d1       99%         3
 Hailstorm                Conj/Ice       0%         3d3       99%         3
 Vampiric Draining        Necr           0%         2d6       99%         3
 Leda's Liquefaction      Hex/Erth       0%         N/A       100%        4
 Agony                    Necr           0%         N/A       100%        5
 Alistair's Intoxication  Tmut/Pois      0%         N/A       100%        5
 Borgnjor's Vile Clutch   Necr/Erth      0%         N/A       100%        5
 Lee's Rapid Deconstruct  Erth           0%         3d4*      100%        5
 Silence                  Hex/Air        0%         N/A       100%        5
 Eringya's Noxious Bog    Tmut/Pois      0%         N/A       100%        6
 Statue Form              Tmut/Erth      0%         N/A       100%        6


Dungeon Overview and Level Annotations

Branches:
Dungeon (6/15)             Temple (1/1) D:4

Altars:
Ashenzari
Dithmenos
Elyvilon
Gozag
Hepliaklqana
Nemelex Xobeh
Ru
Sif Muna
Trog
Uskayaw
Vehumet
Wu Jian
Yredelemnul
Zin

Shops:
D:1 !   D:3 =   D:4 [   D:6 !

Annotations:
D:6 Maggie


Innate Abilities, Weirdness & Mutations

You have a pair of horns on your head.
You reflexively headbutt those who attack you in melee.


Message History

You kill the adder!
Trog accepts your kill.
Maggie gestures wildly while chanting.
Maggie attempts to bespell you! You resist with almost no effort.
Maggie closely misses you.
You see here an adder corpse.
Maggie is nearby!
You whack Maggie!
Maggie is lightly wounded.
Maggie closely misses you.
You hit Maggie but do no damage.
Maggie is lightly wounded.
Maggie mumbles some strange words.
Maggie attempts to bespell you! You resist with some effort.
Maggie drinks a potion.
Maggie suddenly seems more resistant.
You hit Maggie.
Maggie is lightly wounded.
Maggie closely misses you. You furiously retaliate!
You headbutt Maggie! You whack Maggie! Your headbutt misses Maggie.
Maggie is heavily wounded.
You block Maggie's attack.
You hit Maggie.
Maggie is severely wounded.
Maggie hits you with a +4 broad axe of flaming!!
Maggie burns you!
Maggie hits you with a +4 broad axe of flaming!
Maggie burns you.
* * * LOW HITPOINT WARNING * * *
You barely miss Maggie. Your headbutt misses Maggie.
Maggie is heavily wounded.
Maggie says, "Fear not.
I will immortalize you in the tale of my first kill."
Maggie barely misses you.
You hit Maggie.
Maggie is severely wounded.
You block Maggie's attack. x2
You whack Maggie! Your headbutt misses Maggie.
Maggie is almost dead.
Maggie casts a spell at you. The bolt of fire hits you!!
You die...

#.######.#######.#
#.#................#
#
#.#..#####..##.#####
..##.#..#####...#.#
................#.#
#$.........<.#.#
###..#########.#
#..# #.# #.@# #.#
#.@.# #.# ##..# ....
#..## <..# ##.# .#


You could see Maggie (resistant).

Vanquished Creatures
  2 water moccasins (D:5)
  2 scorpions
  A howler monkey (D:5)
  2 hounds
  2 orc priests
  A jelly (D:6)
  2 sleepcaps
  An iguana (D:5)
  Natasha (D:2)
  An orc wizard (D:5)
  4 adders
  2 dart slugs (D:4)
  10 orcs
  4 bats
  7 endoplasms
  2 giant cockroaches
  A hobgoblin (D:4)
  3 jackals (D:4)
  2 quokkas
  5 ball pythons
  4 frilled lizards
  10 goblins
  4 kobolds
  A rat (D:2)
74 creatures vanquished.

Notes
Turn   | Place    | Note
-------+----------+-------------------------------------------
     0 | D:1      | Arctor the Minotaur Fighter began the quest for the Orb.
     0 | D:1      | Reached XP level 1. HP: 19/19 MP: 0/0
   395 | D:1      | Reached XP level 2. HP: 27/27 MP: 1/1
   507 | D:1      | Found Kiniadis's Distillery.
   781 | D:2      | Noticed Natasha
   788 | D:2      | Killed Natasha
   789 | D:2      | Reached XP level 3. HP: 18/33 MP: 2/2
   795 | D:2      | Reached XP level 4. HP: 18/41 MP: 3/3
  1259 | D:2      | Identified the +6 whip of Perversion {heavy, Fragile Will+
                  | Int+2}
  2236 | D:3      | Found Aheh's Jewellery Shop.
  2508 | D:4      | Found Dofaoj's Antique Armour Emporium.
  2541 | D:4      | Noticed a scorpion
  2548 | D:4      | Killed a scorpion
  2549 | D:4      | Reached XP level 5. HP: 45/47 MP: 4/4
  2627 | D:4      | Reached skill level 5 in Fighting
  2627 | D:4      | Reached skill level 5 in Armour
  2627 | D:4      | Reached skill level 5 in Shields
  2884 | D:4      | Found a staircase to the Ecumenical Temple.
  3007 | D:4      | Found a shadowy altar of Dithmenos.
  3262 | Temple   | Entered the Ecumenical Temple
  3408 | Temple   | Became a worshipper of Trog the Wrathful
  3459 | D:5      | Entered Level 5 of the Dungeon
  3464 | D:5      | Reached XP level 6. HP: 56/56 MP: 5/5
  3536 | D:5      | Noticed a water moccasin
  3542 | D:5      | Killed a water moccasin
  3611 | D:5      | Noticed a water moccasin
  3616 | D:5      | Killed a water moccasin
  3617 | D:5      | Reached skill level 5 in Axes
  3617 | D:5      | Reached XP level 7. HP: 57/62 MP: 6/6
  3741 | D:5      | Found a sacrificial altar of Ru.
  3825 | D:5      | Reached * piety under Trog
  4018 | D:6      | Found Saff's Distillery.
  4059 | D:6      | Noticed Maggie
  4071 | D:6      | Killed from afar by Maggie

Illustrated notes

Levels and vault maps discovered:
D:1:      lightli_arrival_statuegarden, layout_basic, serial_shops,
          nicolae_shop_industrial_runoff, minivault_5
D:2:      layout_basic, uniq_natasha
D:3:      layout_basic, serial_shops, nicolae_shop_pleasant_corner_grove
D:4:      layout_loops_ring, mainiacjoe_overflow_alcove_2,
          minmay_temple_entry_hall, serial_shops, nicolae_shop_advertising_works
          [nicolae_subvault_shop_adworks]
D:5:      layout_basic, lemuel_coloured_pillars_altar,
          chequers_serial_rivers_room_b
D:6:      layout_loops_ring, nicolae_tso_besieged_by_evil,
          mainiacjoe_overflow_cross_hatched, ebering_ghost_rock_garden,
          serial_shops, nicolae_shop_stone, shop_statue,
          nicolae_shop_temple_entry_statues_fountains, shop,
          nicolae_stop_n_shop_1, uniq_grinder, uniq_maggie
Temple:   nicolae_temple_godzebo

Skill      XL: |  1  2  3  4  5  6  7 |
---------------+----------------------+-----
Shields        | 4 5 6 |  6.2
Fighting       | 4 5 6 |  6.1
Axes           | 3 4 5 |  5.4
Armour         | 4 5 6 |  6.2

Action                     |  1- 3 |  4- 6 |  7- 9 || total
---------------------------+-------+-------+-------++-------
  Melee: War axe           |    44 |     8 |       ||    52
         Headbutt          |     9 |     7 |     4 ||    20
         Whip              |       |    72 |    32 ||   104
 Armour: Scale mail        |    20 |    41 |     5 ||    66
  Dodge: Dodged            |    11 |    39 |    16 ||    66
  Block: Buckler           |    11 |    13 |    12 ||    36
